 Dungeon Crawl Stone Soup version 0.29-a0-919-gd064cfad1c (webtiles) character file.

Game seed: 10768169332802860932

1498 Spectrina the Thaumaturge (level 9, -20/55 HPs)
             Began as a Djinni Venom Mage on July 27, 2022.
             Demolished by an ogre
             ... wielding a +0 giant club
              (33 damage)
             ... on level 7 of the Dungeon.
             The game lasted 00:21:12 (2165 turns).

Spectrina the Thaumaturge (Djinni Venom Mage)       Turns: 2165, Time: 00:21:13

Health: -20/55     AC:  4    Str:  7    XL:     9   Next: 8%
Gold:   213        EV: 13    Int: 20    God:
                   SH:  0    Dex: 21

rFire   + + +      SeeInvis +   t - +0 rapier (vamp)
rCold   . . .      Faith    .   y - orb {mayhem}
rNeg    . . .      Spirit   .   a - +0 robe
rPois   ∞          Reflect  .   (no helmet)
rElec   .          Harm     .   u - scarf {rC+ rF+}
rCorr   .          Rampage  .   c - +1 pair of gloves
Will    .....                   (boots unavailable)
Stlth   ++........              (no amulet)
HPRegen 0.18/turn               o - ring of see invisible
MPRegen 0.00/turn               p - +6 ring of dexterity

@: flying
A: sickness immunity, fire resistance 2, cold vulnerability 1, float, innate
caster, HP casting, extra vitality 1
a: no special abilities


You were on level 7 of the Dungeon.
You visited 2 branches of the dungeon, and saw 9 of its levels.

You collected 213 gold pieces.

Inventory:

Hand Weapons
 e - a +2 short sword of venom
 l - a +0 bardiche
 m - a +2 whip of electrocution
 t - a +0 vampiric rapier (weapon)
Armour
 a - a +0 robe (worn)
 c - a +1 pair of gloves (worn)
 u - a scarf of resistance (worn)
 w - a +0 cloak
 y - an orb of mayhem (worn)
Magical Staves
 v - a staff of death
Jewellery
 o - a ring of see invisible (left hand)
 p - a +6 ring of dexterity (right hand)
Wands
 r - a wand of roots (9)
Scrolls
 b - a scroll of poison {unknown}
 d - 7 scrolls of identify {unknown}
 f - 2 scrolls of blinking {unknown}
 h - a scroll of torment {unknown}
 i - 3 scrolls of fog {unknown}
 j - 4 scrolls of magic mapping {unknown}
 q - 2 scrolls of teleportation {unknown}
 x - 2 scrolls of vulnerability {unknown}
 z - a scroll of brand weapon {unknown}
Potions
 g - 4 potions of curing
 k - 2 potions of haste {unknown}
 n - a potion of degeneration {unknown}
 s - 2 potions of brilliance {unknown}


   Skills:
 - Level 2.1 Dodging
 - Level 1.5 Stealth
 * Level 8.1 Spellcasting
 + Level 3.3 Invocations


You had 5 spell levels left.
You knew the following spells:

 Your Spells              Type           Power      Damage    Failure   Level
a - Sting                 Tmut/Pois      100%       1d8       1%          1
f - Olgreb's Toxic Radia  Pois           40%        N/A       3%          4
l - Call Canine Familiar  Summ           40%        N/A       1%          3
m - Mephitic Cloud        Conj/Pois/Air  40%        N/A       1%          3
p - Wereblood             Tmut           40%        N/A       1%          2
q - Poisonous Vapours     Pois/Air       80%        N/A       1%          2
r - Gell's Gravitas       Tloc           40%        N/A       1%          3
s - Shock                 Conj/Air       100%       1d9       1%          1
Your spell library was empty.

Dungeon Overview and Level Annotations

Branches:
Dungeon (8/15)             Temple (1/1) D:4
   Lair: D:8-11

Altars:
Ashenzari
Cheibriados
Dithmenos
Elyvilon
Fedhas
Hepliaklqana
Nemelex Xobeh
Okawaru
Qazlal
Ru
Uskayaw
Wu Jian
Zin
The Shining One

Annotations:
D:5 Menkaure


Innate Abilities, Weirdness & Mutations

You are immune to sickness and miasma.
You are immune to poison.
Your flesh is very heat resistant. (rF++)
You are vulnerable to cold. (rC-)
You float through the air rather than walking.
You learn spells naturally, not from books.
Your magical power is your life essence.
You have superior vitality. (+4 MHP)


Message History

Your base attributes are Str 7, Int 18, Dex 15.
Increase (S)trength, (I)ntelligence, or (D)exterity?
You feel clever. x2
The power to cast Call Canine Familiar wells up from within.
Spell assigned to 'b'.
Your toxic aura wanes.
You kill the orc!
Adjust (i)tems, (s)pells, or (a)bilities?
Adjust which spell?
Okay, then.
Adjust (i)tems, (s)pells, or (a)bilities?
Adjust which spell? b - Call Canine Familiar Adjust to which letter? l - Call Canine Familiar
Casting: Olgreb's Toxic Radiance (dangerous; 3% risk of failure)
Confirm with . or Enter, or press ? or * to list all spells.
* * * LOW HITPOINT WARNING * * *
Unknown command.
Unknown command.
Found a scroll labelled LONGUD CUKH.
There is an escape hatch in the ceiling here.
Found a stone staircase leading up.
j - 4 scrolls labelled LONGUD CUKH (gained 1)
An orc comes into view. It is wielding a +0 hand axe.
There is a stone staircase leading up here.
An orc warrior comes into view. It is wielding a +0 dire flail.
The helpless orc fails to defend itself.
You puncture the orc!
You kill the orc!
Unknown command.
You swap places.
There is a stone staircase leading up here.
You fly upwards.
Your summoned ally is left behind.
The ogre shouts!
The hound bites you.
* * * LOW HITPOINT WARNING * * *
The ogre hits you with a +0 giant club!!
Ouch! That really hurt!
You die...

++++###########
...............
....≈≈≈≈≈≈≈≈≈≈≈
..(.≈≈≈≈≈≈≈≈≈≈≈
....≈≈≈h≈≈≈≈≈≈≈
......hO.......
.......@#
.######.# #.#
######### #.#
#<)o..)). ..
#.# ########.
.... #.# ....
#.# .... #+#
....


You could see an ogre and 2 hounds.

Vanquished Creatures
  Pikel (D:4)
  A hornet (D:8)
  An ogre (D:4)
  A centaur (D:8)
  A bullfrog (D:7)
  3 scorpions
  2 jellies
  A gnoll bouda (D:6)
  A hound (D:6)
  4 iguanas (D:6)
  5 orc wizards
  3 adders
  3 gnolls (D:6)
  2 ufetubi (D:5)
  10 orcs
  3 endoplasms
  6 goblins
  6 hobgoblins
  3 quokkas
  2 ball pythons (D:2)
  4 bats
  3 frilled lizards
  7 kobolds
73 creatures vanquished.

Vanquished Creatures (others)
  A jelly (D:8)
  4 plants (D:3)
5 creatures vanquished.

Grand Total: 78 creatures vanquished

Notes
Turn   | Place    | Note
-------+----------+-------------------------------------------
     0 | D:1      | Spectrina the Djinni Venom Mage began the quest for the
                  | Orb.
     0 | D:1      | Spectrina set off with the following spells memorised:
                  | Sting, Poisonous Vapours, Mephitic Cloud, Olgreb's Toxic
                  | Radiance.
     0 | D:1      | Reached XP level 1. HP: 15/15 MP: 0/0
   106 | D:1      | Reached XP level 2. HP: 3/21 MP: 0/0
   254 | D:1      | Reached skill level 3 in Spellcasting
   376 | D:2      | Reached XP level 3. HP: 20/25 MP: 0/0
   376 | D:2      | Learned a level 1 spell: Shock
   490 | D:4      | Noticed a lemure
   491 | D:4      | Noticed a lemure
   491 | D:4      | Noticed a lemure
   596 | D:4      | Reached XP level 4. HP: 27/31 MP: 0/0
   599 | D:4      | Noticed Pikel
   602 | D:4      | Noticed a scorpion
   610 | D:4      | Noticed a lemure
   612 | D:4      | Killed a scorpion
   613 | D:4      | Reached skill level 4 in Spellcasting
   613 | D:4      | Reached XP level 5. HP: 18/35 MP: 0/0
   613 | D:4      | Learned a level 2 spell: Wereblood
   616 | D:4      | Killed Pikel
   617 | D:4      | Reached skill level 6 in Spellcasting
   617 | D:4      | Reached XP level 6. HP: 5/40 MP: 0/0
   617 | D:4      | Reached XP level 7. HP: 5/45 MP: 0/0
   617 | D:4      | Learned a level 3 spell: Gell's Gravitas
   757 | D:5      | Entered Level 5 of the Dungeon
   906 | D:4      | Found a staircase to the Ecumenical Temple.
   937 | Temple   | Entered the Ecumenical Temple
  1208 | D:5      | Reached XP level 8. HP: 40/50 MP: 0/0
  1263 | D:5      | Found an ornate altar of the Wu Jian Council.
  1313 | D:5      | Reached skill level 7 in Spellcasting
  1331 | D:5      | Noticed Menkaure
  1389 | D:4      | Found a sparkling altar of Nemelex Xobeh.
  1650 | D:5      | Noticed a hornet
  1688 | D:6      | Reached skill level 1 in Invocations
  1704 | D:6      | Found a sacrificial altar of Ru.
  2137 | D:8      | Noticed a hornet
  2143 | D:8      | Killed a hornet
  2144 | D:8      | Reached skill level 8 in Spellcasting
  2144 | D:8      | Reached XP level 9. HP: 14/55 MP: 0/0
  2144 | D:8      | Learned a level 3 spell: Call Canine Familiar
  2165 | D:7      | Demolished by an ogre

Illustrated notes

Levels and vault maps discovered:
D:1:      minmay_arrival_jagged, layout_basic, chequers_ecumenical_altar_twisty
D:2:      layout_loops_cross
D:3:      layout_basic, serial_bayou, serial_bayou_crossing,
          serial_bayou_ford_a, serial_bayou_pond_b, serial_bayou_lagoon_a,
          serial_bayou_lake_a, minivault_23
D:4:      layout_loops_ring, nemelex_spade_bored_becter,
          minmay_temple_entry_mist, uniq_pikel
D:5:      minmay_clustersquares, layout_loops_ring, tgw_trog,
          mainiacjoe_overflow_alcove_2, minmay_misc_feat_plants,
          item_on_display_a, uniq_menkaure, uniq_grinder
D:6:      layout_basic, tgw_xom, chequers_temple_overflow_statue_of_worship,
          serial_shops, shop, serial_co_window_serial,
          co_window_of_opportunity_a, co_window_corner_a, co_window_paths_a,
          co_window_cross_1, co_window_paths_a, co_window_of_opportunity_a,
          co_window_of_opportunity_a, co_window_2corner,
          co_window_unsneaky_path_b, co_window_of_opportunity_c,
          co_window_broadway_a, co_window_of_opportunity_b, glass_columns_a,
          glass_columns_a, glass_columns_c, glass_columns_b
D:7:      lemuel_castle_with_subvaults [lemuel_castle_interior_carwin_1],
          layout_basic
D:8:      layout_rooms, makhleb_altar_promises_db
Temple:   oiseaux_autumnal_temple

Skill      XL: |  1  2  3  4  5  6  7  8 |
---------------+-------------------------+-----
Spellcasting   | 3 4 6 8 |  8.1
Invocations    | 3 |  3.3
Dodging        | |  2.1
Stealth        | |  1.5

Action                   |  1- 3 |  4- 6 |  7- 9 || total
-------------------------+-------+-------+-------++-------
Melee: Unarmed           |     2 |       |       ||     2
       Short sword       |    19 |     3 |       ||    22
       Rapier            |       |       |    24 ||    24
       Whip              |       |       |     3 ||     3
 Cast: Sting             |    31 |     5 |    18 ||    54
       Shock             |     2 |     1 |    18 ||    21
       Mephitic Cloud    |       |     2 |       ||     2
       Olgreb's Toxic Ra |       |       |    15 ||    15
       Poisonous Vapours |       |       |    14 ||    14
       Gell's Gravitas   |       |       |     8 ||     8
       Call Canine Famil |       |       |     1 ||     1
  Use: Potion            |     1 |       |       ||     1
 Stab: Sleeping          |     2 |       |     2 ||     4
       Confused          |       |     1 |       ||     1
Armor: Robe              |     6 |     1 |    12 ||    19
Dodge: Dodged            |    23 |     3 |    34 ||    60

Table legend: (Time is in decaauts)
 A = Elapsed time spent in this place.
 B = Non-inter-level travel time spent in this place.
 C = Inter-level travel time spent in this place.
 D = Time resting spent in this place.
 E = Time spent auto-exploring this place.
 F = Levels seen in this place.
 G = Mean time per level.
                   A        B        C        D        E       F      G
               +--------+--------+--------+--------+--------+-----+--------+
         Total |   2169 |   2112 |     57 |      0 |      0 |   9 |  241.0 |
       Dungeon |   1994 |   1937 |     57 |      0 |      0 |   8 |  249.2 |
        Temple |    174 |    174 |      0 |      0 |      0 |   1 |  174.0 |
               +--------+--------+--------+--------+--------+-----+--------+

Top non-repeatable levels by time:
     D:6: 525 daAuts
     D:4: 417 daAuts
     D:5: 344 daAuts
     D:1: 286 daAuts
     D:3: 184 daAuts
  Temple: 174 daAuts
     D:2: 143 daAuts
     D:7: 50 daAuts
     D:8: 43 daAuts
